 Dungeon Sprint DCSS version 0.17-a0-1840-g87820a2 (webtiles) character file.

652 KambridgeKobold the Unseen (level 7, -19/36 HPs)
             Began as a Spriggan Assassin on Sept 16, 2015.
             Was an Initiate of Dithmenos.
             Shot with an arrow by a centaur warrior (22 damage)
             ... in the Dungeon (Sprint I: "Red Sonja").
             The game lasted 00:07:22 (266 turns).

KambridgeKobold the Unseen (Spriggan Assassin)       Turns: 266, Time: 00:07:22

Health: -19/36     AC:  3    Str: 10    XL:     7   Next: 28%
Magic:  7/8        EV: 28    Int: 13    God:    Dithmenos [......]
Gold:   25         SH:  0    Dex: 19    Spells: 0 memorised, 6 levels left

rFire  . . .     SeeInvis +     a - +2 dagger
rCold  . . .     Clarity  .     c - +0 robe
rNeg   + . .     SustAt   .     (shield restricted)
rPois  .         Gourm    .     (helmet restricted)
rElec  .         Spirit   .     d - +0 cloak
rCorr  .         Warding  +     (gloves unavailable)
rMut   .         NoTele   +     (boots unavailable)
MR     +....                    r - amulet of warding
Stlth  +++++++...               q - ring of flight
                                o - +3 ring of strength

@: flying, very quick, somewhat resistant to hostile enchantments, extremely
stealthy
A: unfitting armour, see invisible, herbivore 3, speed 3, slow metabolism 2
a: Renounce Religion, Stop Flying


You were in the Dungeon.
You worshipped Dithmenos.
Dithmenos was noncommittal.
You were not hungry.

You visited 1 branch You collected 415 gold pieces.
You spent 390 gold pieces at shops.

Inventory:

Hand weapons
 a - a +2 dagger (weapon)
 b - a +0 blowgun
Missiles
 e - 2 poisoned needles
 f - 2 curare-tipped needles
Armour
 c - a +0 robe (worn)
 d - a +0 cloak (worn)
Jewellery
 o - a +3 ring of strength (left hand)
 q - a ring of flight (right hand)
 r - an amulet of warding (around neck)
Magical devices
 n - a wand of polymorph (17)
Scrolls
 m - a scroll of blinking
 p - a scroll of identify {unknown}
Potions
 h - a potion of curing
 i - a potion of heal wounds
 j - a potion of haste
 k - 2 potions of magic
 l - a potion of berserk rage
Comestibles
 g - a bread ration


   Skills:
 + Level 3.1 Fighting
 + Level 8.1 Short Blades
 + Level 6.6 Throwing
 - Level 11.0 Dodging
 - Level 15.3 Stealth


You had 6 spell levels left.
You didn't know any spells.

Dungeon Overview and Level Annotations

Branches:
Dungeon (1/1)

Altars:
Cheibriados
Dithmenos
Elyvilon
Fedhas
Gozag
Kikubaaqudgha
Makhleb
Nemelex Xobeh
Okawaru
Qazlal
Ru
Sif Muna
Trog
Vehumet
Xom
Yredelemnul
Zin
The Shining One
Jiyva

Shops:
D =


Innate Abilities, Weirdness & Mutations

You are tiny and cannot use many weapons and most armour.
You have supernaturally acute eyesight.
You are a herbivore.
You cover ground extremely quickly.
You need consume almost no food.


Message History

There is an open door here.
Evoke which item? (* to show all) (? for menu, Esc to quit)
Okay, then.
Use which ability?
You feel very buoyant.
You fly up into the air.
You feel somewhat more hungry.
The centaur warrior shouts! x2
The centaur warrior completely misses you. x2
You hit the centaur warrior.
The centaur warrior is lightly wounded.
The centaur warrior completely misses you.
The centaur warrior hits you!
You barely miss the centaur warrior.
The centaur warrior is lightly wounded.
The centaur warrior hits you! x2
* * * LOW HITPOINT WARNING * * *
The centaur warrior wields a longbow.
The centaur warrior shoots an arrow.
The arrow hits you!!
Ouch! That really hurt!
You die...

####################
.#..'..#.)'..#__#..+
.'..#..'..#..'..'..#
(#####'#####'#__####
(####..#...#.####§§#
.#__####..##.#≈§§§c#
)#_..__##'#..§§§@§§+
⌠#_.∩..†'..._#§≈§§c#
##_..._##_.#'##+####
#_____###+#.#
####### ###


You could see 2 centaur warriors.

Vanquished Creatures
  A slime creature (D)
  A yak (D)
  Sigmund (D)
  An ogre (D)
  A jelly (D)
  Ijyb (D)
6 creatures vanquished.

Notes
Turn   | Place    | Note
--------------------------------------------------------------
     0 | D        | KambridgeKobold the Spriggan Assassin began the quest for the Orb.
     0 | D        | Reached XP level 1. HP: 10/10 MP: 2/2
     1 | D        | Noticed Ijyb
    32 | D        | Killed Ijyb
    32 | D        | Reached skill level 10 in Stealth
    32 | D        | Reached XP level 2. HP: 12/14 MP: 3/3
    47 | D        | Noticed an ogre
    81 | D        | Killed an ogre
    81 | D        | Reached skill level 5 in Dodging
    81 | D        | Reached skill level 12 in Stealth
    81 | D        | Reached XP level 3. HP: 16/18 MP: 4/4
    81 | D        | Reached XP level 4. HP: 19/22 MP: 5/5
    96 | D        | Noticed Sigmund
    99 | D        | Killed Sigmund
    99 | D        | Reached skill level 14 in Stealth
    99 | D        | Reached XP level 5. HP: 22/25 MP: 6/6
    99 | D        | Reached XP level 6. HP: 26/30 MP: 7/7
   142 | D        | Found a deep blue altar of Sif Muna.
   143 | D        | Noticed a jelly
   144 | D        | Found a radiant altar of Vehumet.
   148 | D        | Killed a jelly
   187 | D        | Found a snail-covered altar of Cheibriados.
   187 | D        | Found a viscous altar of Jiyva.
   187 | D        | Found a shadowy altar of Dithmenos.
   187 | D        | Found a blossoming altar of Fedhas.
   187 | D        | Noticed a slime creature
   190 | D        | Killed a slime creature
   190 | D        | Reached skill level 5 in Throwing
   190 | D        | Reached skill level 15 in Stealth
   192 | D        | Became a worshipper of Dithmenos the Shadowed
   201 | D        | Found Yjinamacs's Jewellery Emporium.
   201 | D        | Found a white marble altar of Elyvilon.
   201 | D        | Found a stormy altar of Qazlal.
   201 | D        | Found a burning altar of Makhleb.
   201 | D        | Found a sacrificial altar of Ru.
   201 | D        | Found a basalt altar of Yredelemnul.
   201 | D        | Found a glowing golden altar of the Shining One.
   201 | D        | Found a sparkling altar of Nemelex Xobeh.
   201 | D        | Found a shimmering altar of Xom.
   201 | D        | Found an opulent altar of Gozag.
   201 | D        | Found an ancient bone altar of Kikubaaqudgha.
   201 | D        | Found a glowing silver altar of Zin.
   201 | D        | Noticed a yak
   202 | D        | Found an iron altar of Okawaru.
   203 | D        | Killed a yak
   203 | D        | Reached XP level 7. HP: 33/36 MP: 8/8
   204 | D        | Found a bloodstained altar of Trog.
   208 | D        | Bought an uncursed ring of flight for 210 gold pieces
   248 | D        | Bought an uncursed amulet of warding for 180 gold pieces
   257 | D        | Noticed a centaur warrior
   259 | D        | Noticed a centaur warrior
   266 | D        | Shot with an arrow by a centaur warrior

Vault maps used:
D:        dungeon_sprint_1

Action                   |  1- 3 |  4- 6 |  7- 9 || total
-------------------------+-------+-------+-------++-------
Melee: Dagger            |     9 |     4 |     2 ||    15
 Fire: Blowgun           |    10 |       |       ||    10
 Abil: Evoke Flight      |       |       |     1 ||     1
 Stab: Sleeping          |       |     4 |       ||     4
